 Dungeon Crawl Stone Soup version 0.19.0-11-g3fc08b3 (webtiles) character file.

182 Rrauwl the Poker (level 5, 0/40 HPs)
             Began as a Merfolk Gladiator on Nov 10, 2016.
             Slain by a gnoll shaman
             ... wielding a +0 club
              (6 damage)
             ... on level 4 of the Dungeon.
             The game lasted 00:18:55 (2188 turns).

Rrauwl the Poker (Merfolk Gladiator)                Turns: 2188, Time: 00:18:56

Health: 0/40       AC:  5    Str: 13 (16) XL:     5   Next: 61%
Magic:  5/5        EV: 14    Int:  8      God:
Gold:   151        SH:  0    Dex: 13 (14) Spells: 0 memorised, 4 levels left

rFire  x . .     SeeInvis .     a - +1 trident
rCold  + . .     Gourm    .     g - +1 leather armour {rPois}
rNeg   . . .     Faith    .     (no shield)
rPois  +         Spirit   .     c - +0 helmet
rElec  .         Reflect  .     (no cloak)
rCorr  +         Harm     .     (no gloves)
MR     .....                    (no boots)
Stlth  +.........               (no amulet)
                                v - ring of ice
                                j - ring of resist corrosion

@: no status effects
A: change form in water, swift swim, stealthy swim
a: no special abilities


You were on level 4 of the Dungeon.
You were not hungry.

You visited 1 branch of the dungeon, and saw 4 of its levels.

You collected 151 gold pieces.

Inventory:

Hand Weapons
 a - a +1 trident (weapon)
 e - a +2 dagger of protection
Missiles
 b - 66 sling bullets
 d - 3 throwing nets (quivered)
 h - 4 javelins
 l - 79 stones
 m - 32 poisoned needles
 t - 35 arrows
 y - 51 bolts
 z - 12 tomahawks
Armour
 c - a +0 helmet (worn)
 g - a +1 leather armour of poison resistance (worn)
 k - a +4 ring mail
Jewellery
 j - a ring of resist corrosion (left hand)
 v - a ring of ice (right hand)
 A - an uncursed ring of resist corrosion
 B - an uncursed ring of ice
Scrolls
 n - a scroll of magic mapping
 r - 2 scrolls of identify
 w - a scroll of enchant weapon
Potions
 u - a potion of curing
Comestibles
 f - a bread ration
 i - 4 meat rations
 o - 2 slices of pizza
 p - 3 chunks of flesh
 s - a beef jerky
 x - 4 fruits


   Skills:
 + Level 2.9 Fighting
 + Level 7.8 Polearms
 + Level 2.0 Throwing
 + Level 4.9 Dodging


You had 4 spell levels left.
You didn't know any spells.

Dungeon Overview and Level Annotations

Branches:
Dungeon (4/15)
 Temple: D:4-7

Altars:


Message History

The gnoll shaman is moderately wounded.
The gnoll shaman calls upon its god to heal the gnoll.
The gnoll's wounds heal themselves!
The gnoll misses you.
A hound comes into view.
You hit the gnoll shaman but do no damage.
The gnoll shaman is moderately wounded.
The gnoll shaman barely misses you. The gnoll closely misses you.
You hit the gnoll shaman but do no damage.
The gnoll shaman is moderately wounded.
The gnoll shaman calls upon its god to speed up the gnoll.
The gnoll seems to speed up.
You hit the gnoll shaman but do no damage.
The gnoll shaman is moderately wounded.
The gnoll hits you with a flail!
* * * LOW HITPOINT WARNING * * *
The gnoll shaman mumbles some strange prayers to its god against you.
You resist with some effort. The gnoll hits you with a flail!
* * * LOW HITPOINT WARNING * * *
You feel better. The gnoll shaman hits you with a club.
You die...

####### ####+## # #.....#
.g.... # # #...).#
g...####.# # #.....#
....... # #.....# .h.. #
#.....#########g#
###.....##....l.@g#
'.'....)'.........'......
###.....#.........#.####.
# #.....#............. #
#######...........###
#########.##........#
.#....<##.##........#
.#.######.###.......#
.#.#....#.# #######


You could see a gnoll shaman, a hound, a gnoll and a leopard gecko.

Vanquished Creatures
  An orc wizard (D:3)
  2 gnolls (D:4)
  5 adders
  An ooze (D:3)
  A worm (D:2)
  2 dart slugs (D:1)
  3 leopard geckos
  10 orcs
  4 ball pythons
  2 giant cockroaches
  6 goblins
  6 hobgoblins
  3 jackals (D:3)
  A quokka (D:2)
  3 bats
  5 frilled lizards
  3 kobolds
  9 rats
67 creatures vanquished.

Notes
Turn   | Place    | Note
-------+----------+-------------------------------------------
     0 | D:1      | Rrauwl the Merfolk Gladiator began the quest for the Orb.
     0 | D:1      | Reached XP level 1. HP: 16/16 MP: 1/1
   140 | D:1      | Reached XP level 2. HP: 20/22 MP: 2/2
   349 | D:1      | Reached skill level 5 in Polearms
   557 | D:1      | Reached XP level 3. HP: 22/28 MP: 3/3
   995 | D:2      | Reached skill level 6 in Polearms
  1091 | D:2      | Reached XP level 4. HP: 27/34 MP: 4/4
  1671 | D:3      | Reached skill level 7 in Polearms
  1703 | D:3      | Reached XP level 5. HP: 37/39 MP: 5/5
  2187 | D:4      | HP: 1/40 [gnoll/flail (8)]
  2188 | D:4      | Slain by a gnoll shaman

Skill      XL: |  1  2  3  4 |
---------------+-------------+-----
Polearms       | 5 6 7 |  7.8
Fighting       | |  2.9
Throwing       | |  2.0
Dodging        | |  4.9

Action                   |  1- 3 |  4- 6 || total
-------------------------+-------+-------++-------
Melee: Trident           |    94 |   131 ||   225
       Dagger            |     2 |       ||     2
  Use: Scroll            |     8 |     1 ||     9
       Potion            |     4 |     4 ||     8
 Stab: Sleeping          |     1 |     1 ||     2
  Eat: Chunk             |     1 |     3 ||     4
Armor: Leather armour    |     8 |    26 ||    34
       Ring mail         |     7 |       ||     7
Dodge: Dodged            |    60 |    96 ||   156
